 Dungeon Crawl Stone Soup version 0.18-a0-1390-gc02854d (webtiles) character file.

15065 M4edhros the Martial Artist (level 12, -3/66 (68) HPs)
             Began as an Octopode Artificer on Feb 23, 2016.
             Was an Initiate of Gozag.
             Slain by a komodo dragon (26 damage)
             ... on level 3 of the Lair of Beasts.
             The game lasted 00:30:51 (12106 turns).

M4edhros the Martial Artist (Octopode Artificer)   Turns: 12106, Time: 00:30:51

HP:   -3/66 (68)    AC:  2    Str: 15    XL:     12   Next: 23%
MP:   20/20         EV: 18    Int: 19    God:    Gozag
Gold: 1092          SH:  0    Dex: 15    Spells: 1 memorised, 16 levels left

rFire  . . .     SeeInvis .       - Unarmed
rCold  . . .     Gourm    .     (no shield)
rNeg   . . .     Faith    .     (helmet restricted)
rPois  .         Spirit   .     n - amulet of regeneration
rElec  +         Dismiss  .     j - +5 ring of strength
rCorr  .         Reflect  .     l - +1 ring of protection
SustAt .         Harm     .     A - ring "Dukluli" {Wiz rElec MR+}
MR     ++...                    D - +2 ring of dexterity
Stlth  ++++++....               G - ring of protection from magic
                                (no ring)
                                (no ring)
                                (no ring)

@: very resistant to hostile enchantments, very stealthy
A: almost no armour, amphibious, 8 rings, constrict 8, camouflage 1, gelatinous
body 1
a: Potion Petition, Call Merchant, Bribe Branch, Renounce Religion


You were on level 3 of the Lair of Beasts.
You worshipped Gozag.
Gozag was noncommittal.
You were not hungry.

You visited 3 branches of the dungeon, and saw 15 of its levels.

You collected 2397 gold pieces.
You paid 1305 gold pieces to Gozag.

Inventory:

Hand Weapons
 C - the +7 great mace "Undeadhunter" {disrupt, rN+}
   (You found it on level 6 of the Dungeon)

   It protects you from negative energy.
 L - a +0 hunting sling of evasion
Missiles
 k - 4 javelins (quivered)
 O - 20 sling bullets
Jewellery
 j - a +5 ring of strength (left tentacle)
 l - a +1 ring of protection (right tentacle)
 n - an amulet of regeneration (around mantle)
 x - an uncursed amulet of rage
 A - the ring "Dukluli" (on tentacle) {Wiz rElec MR+}
   (You found it on level 4 of the Dungeon)

   [ring of wizardry]

   It improves your spell success rate.
   It insulates you from electricity.
   It affects your resistance to hostile enchantments.
 D - a +2 ring of dexterity (on tentacle)
 G - a ring of protection from magic (on tentacle)
 K - an uncursed ring of protection from cold {unknown}
Wands
 b - a wand of flame (3/48)
 c - a wand of enslavement (10/24)
 d - a wand of random effects (0/48)
 g - a wand of polymorph (5/24)
 r - a wand of flame (25/48)
 E - a wand of acid (0/15)
Scrolls
 e - 3 scrolls of fog
 h - a scroll of teleportation
 i - 6 scrolls of enchant armour
 m - a scroll of immolation {unknown}
 o - a scroll of identify
 q - 4 scrolls of noise {unknown}
 s - a scroll of blinking {unknown}
 t - 3 scrolls of magic mapping
 u - 3 scrolls of recharging {unknown}
 w - 6 scrolls of remove curse
 y - a scroll of random uselessness
 B - a scroll of summoning {unknown}
 I - 3 scrolls of enchant weapon
Potions
 p - 2 potions of ambrosia
 F - 2 potions of brilliance
 S - a potion of invisibility
Books
 z - a book of Envenomations

   Spells                             Type                      Level
   a - Spider Form                    Transmutation/Poison         3
   b - Olgreb's Toxic Radiance        Poison                       4
   c - Alistair's Intoxication        Transmutation/Poison         5
   d - Poisonous Cloud                Conjuration/Poison/Air       6
 H - a book of Transfigurations

   Spells                             Type                      Level
   a - Irradiate                      Conjuration/Transmutation    5
   b - Statue Form                    Transmutation/Earth          6
   c - Hydra Form                     Transmutation                6
   d - Dragon Form                    Transmutation                7
 J - a book of Flames

   Spells                             Type                      Level
   a - Flame Tongue                   Conjuration/Fire             1
   b - Throw Flame                    Conjuration/Fire             2
   c - Conjure Flame                  Conjuration/Fire             3
   d - Inner Flame                    Hexes/Fire                   3
   e - Sticky Flame                   Conjuration/Fire             4
   f - Fireball                       Conjuration/Fire             5
Miscellaneous
 P - 2 phantom mirrors
Comestibles
 a - 11 meat rations
 f - 3 bread rations
 v - 6 fruits
 M - 6 beef jerkies


   Skills:
 - Level 1.0 Fighting
   Level 1.0 Short Blades
 * Level 9.4 Dodging
 - Level 10.6 Stealth
 - Level 11.0 Unarmed Combat
 + Level 5.7 Spellcasting
 + Level 6.3 Transmutations
 + Level 6.1 Earth Magic
 - Level 3.2 Evocations


You had 16 spell levels left.
You knew the following spells:

 Your Spells              Type           Power        Failure   Level  Hunger
a - Statue Form           Trmt/Erth      ####.....    73%         6    #######


Dungeon Overview and Level Annotations

Branches:
Dungeon (11/15)            Temple (1/1) D:4            Lair (3/8) D:10
  Swamp (0/4) Lair:3          Orc (0/2) D:9
  Snake: Lair:3-6    Spider: Lair:3-6

Altars:
Ashenzari
Cheibriados
Dithmenos
Elyvilon
Fedhas
Gozag
Kikubaaqudgha
Makhleb
Nemelex Xobeh
Okawaru
Pakellas
Qazlal
Ru
Sif Muna
Trog
Vehumet
Xom
Yredelemnul
Zin
The Shining One

Shops:
D:6 *!   D:7 (   D:10 =

Annotations:
D:9 Joseph
Lair:1 exclusion: hydra


Innate Abilities, Weirdness & Mutations

You cannot wear most types of armour.
You are amphibious.
You can wear up to eight rings at the same time.
You can use your tentacles to constrict eight enemies at once.
Your skin changes colour to match your surroundings (Stealth).
Your rubbery body absorbs attacks (AC +1).


Message History

The komodo dragon is moderately wounded.
The komodo dragon completely misses you.
You completely miss the komodo dragon.
The komodo dragon is moderately wounded.
You tentacle-slap the komodo dragon.
The komodo dragon is moderately wounded.
The komodo dragon bites you!!
You tentacle-slap the komodo dragon. You tentacle-slap the komodo dragon!
The komodo dragon is heavily wounded.
The komodo dragon bites you!!
There is a stone staircase leading up here.
The komodo dragon closely misses you.
Found a stone staircase leading up.
You bludgeon the komodo dragon!
The komodo dragon is heavily wounded.
The komodo dragon closely misses you. The komodo dragon bites you!!
The komodo dragon bites you!!
You die...
Your body crumbles into a pile of gold.

......#
##..⌠..#........⌠
......###
##......#..⌠..##.
.♣...#..#
#.......#.....#
♣♣.♣..###
##.....##.....# ♣♣♣..##
##.#.#.###.....#
..♣...#
#.##......####.#.##
.....#### #..........#
#....##..
..............##.....##
##......# ............
##@....# #..#.####
........... #l....##
##.#### .........##
#....## #..#
........#.# #.....#
###.# ........###
#......###P..#
.........#
#.....P##...##
.........#
#..P#.####...#
........## #######
##...# .......## #...##


You could see a komodo dragon.

Vanquished Creatures
  Erica (Lair:2)
  Pikel (D:6)
  3 hill giants (D:10)
  A black mamba (Lair:3)
  A centaur zombie (D:10)
  3 spiny frogs
  2 komodo dragons
  A fire drake (Lair:2)
  A troll (D:10)
  6 blink frogs
  6 yaks (D:10)
  2 hungry ghosts
  3 wolves (Lair:2)
  5 hippogriffs
  A warg (D:9)
  6 water moccasins
  4 porcupines
  5 orc warriors
  2 sky beasts
  5 necrophages (Lair:2)
  3 phantoms
  8 ogres
  6 crocodiles
  2 centaurs
  2 big kobolds (D:9)
  8 giant frogs
  A gnoll sergeant (D:6)
  3 scorpions
  3 killer bees (D:10)
  14 wights
  4 crimson imps
  A giant frog zombie (D:6)
  2 hounds
  4 giant frog skeletons
  8 orc priests
  3 orc wizards
  Jessica (D:2)
  Natasha (twice) (D:4)
  5 iguanas
  7 worker ants
  A hound zombie (D:8)
  A hound skeleton (D:9)
  A worker ant zombie (D:7)
  10 gnolls
  10 river rats (Lair:2)
  10 adders
  A shadow imp (D:7)
  An ooze (D:3)
  3 adder skeletons
  An adder zombie (D:5)
  A worm (D:3)
  4 dart slugs
  4 giant geckos
  24 orcs
  4 giant cockroaches
  6 goblins
  10 hobgoblins
  4 jackals
  4 quokkas
  A ball python (D:2)
  5 bats
  2 giant gecko skeletons (D:4)
  A giant gecko zombie (D:6)
  9 giant newts
  17 kobolds
  8 rats
  A plant (D:10)
290 creatures vanquished.

Vanquished Creatures (collateral kills)
  A centaur zombie (D:10)
  A hound (D:5)
  An orc (D:10)
3 creatures vanquished.

Vanquished Creatures (others)
  A slave (D:6)
  A centaur (D:11)
  A worker ant (D:6)
  An adder (D:6)
  A fungus (Lair:2)
  2 plants (Lair:1)
7 creatures vanquished.

Grand Total: 300 creatures vanquished

Notes
Turn   | Place    | Note
--------------------------------------------------------------
     0 | D:1      | M4edhros the Octopode Artificer began the quest for the Orb.
     0 | D:1      | Reached XP level 1. HP: 13/13 MP: 3/3
    73 | D:1      | Reached skill level 1 in Unarmed Combat
   246 | D:1      | Reached XP level 2. HP: 15/18 MP: 4/4
   331 | D:1      | Reached skill level 2 in Unarmed Combat
   585 | D:1      | Reached XP level 3. HP: 23/23 MP: 5/5
   780 | D:2      | Found an oddly glowing altar of Pakellas.
   798 | D:2      | Reached skill level 3 in Unarmed Combat
   820 | D:2      | Noticed Jessica
   824 | D:2      | Killed Jessica
   824 | D:2      | Reached XP level 4. HP: 28/28 MP: 6/6
   974 | D:2      | Found a snail-covered altar of Cheibriados.
  1005 | D:2      | Found a basalt altar of Yredelemnul.
  1555 | D:3      | Reached skill level 4 in Unarmed Combat
  1696 | D:3      | Reached XP level 5. HP: 8/33 MP: 7/7
  1935 | D:3      | Reached skill level 5 in Unarmed Combat
  2160 | D:4      | Noticed Natasha
  2166 | D:4      | Killed Natasha
  2308 | D:4      | Noticed an ogre
  2344 | D:4      | Killed an ogre
  2344 | D:4      | Reached skill level 6 in Unarmed Combat
  2344 | D:4      | Reached XP level 6. HP: 38/38 MP: 8/8
  2521 | D:4      | Noticed Natasha
  2524 | D:4      | Killed Natasha
  2536 | D:4      | Found a staircase to the Ecumenical Temple.
  2553 | Temple   | Entered the Ecumenical Temple
  2618 | Temple   | Became a worshipper of Gozag Ym Sagoz the Greedy
  2649 | D:4      | Got a steaming jade ring
  2670 | D:4      | Identified the ring "Dukluli" {Wiz rElec MR+} (You found it on level 4 of the Dungeon)
  2797 | D:4      | Reached skill level 7 in Unarmed Combat
  2797 | D:4      | Reached XP level 7. HP: 43/43 MP: 9/9
  2844 | D:5      | Entered Level 5 of the Dungeon
  2977 | D:5      | Reached skill level 8 in Unarmed Combat
  3435 | D:5      | Reached XP level 8. HP: 48/48 MP: 10/10
  3665 | D:6      | Found Zin's Purification Station.
  3670 | D:6      | Found a glowing silver altar of Zin.
  3789 | D:6      | Noticed Pikel
  3807 | D:6      | Killed Pikel
  3807 | D:6      | Reached skill level 9 in Unarmed Combat
  4000 | D:6      | Found Vuicwoar's Distillery.
  4138 | D:6      | Reached XP level 9. HP: 45/53 MP: 11/11
  4502 | D:7      | Found a sparkling altar of Nemelex Xobeh.
  4590 | D:7      | Noticed a hill giant
  4659 | D:7      | Reached skill level 10 in Unarmed Combat
  5159 | D:7      | Reached skill level 10 in Stealth
  5259 | D:7      | Found a shadowy altar of Dithmenos.
  5259 | D:7      | Found a white marble altar of Elyvilon.
  5637 | D:8      | Reached skill level 11 in Unarmed Combat
  5727 | D:8      | Learned a level 6 spell: Statue Form
  5833 | D:8      | Reached skill level 1 in Transmutations
  5936 | D:8      | Reached XP level 10. HP: 58/58 MP: 12/12
  5989 | D:8      | Reached skill level 1 in Spellcasting
  5996 | D:8      | Found an iron altar of Okawaru.
  6003 | D:8      | Found a stormy altar of Qazlal.
  6030 | D:8      | Reached skill level 1 in Earth Magic
  6295 | D:9      | Noticed Joseph
  6417 | D:9      | Found a staircase to the Orcish Mines.
  7334 | D:10     | Entered Level 10 of the Dungeon
  7369 | D:10     | Found a staircase to the Lair.
  7663 | D:10     | Reached skill level 5 in Dodging
  7692 | D:10     | Noticed a hill giant
  7911 | D:10     | Killed a hill giant
  8001 | D:10     | Reached XP level 11. HP: 29/63 MP: 16/16
  8269 | D:10     | Noticed a hill giant
  8281 | D:10     | Killed a hill giant
  8526 | D:10     | Killed a hill giant
  9362 | Lair:1   | Entered Level 1 of the Lair of Beasts
  9672 | Lair:1   | Reached skill level 5 in Transmutations
  9957 | Lair:1   | Noticed a four-headed hydra
 10082 | Lair:1   | Reached skill level 5 in Earth Magic
 10330 | Lair:2   | Noticed Erica
 10778 | Lair:2   | Killed Erica
 10778 | Lair:2   | Reached skill level 5 in Spellcasting
 10894 | Lair:2   | Noticed Sonja
 10947 | Lair:2   | Noticed Sonja
 10947 | Lair:2   | Sonja changed into Sonja the fire drake
 10954 | Lair:2   | Killed Sonja the fire drake
 11072 | Lair:2   | HP: 3/63 [poisoned by a spiny frog]
 11077 | Lair:2   | HP: 1/63 [poisoned by a spiny frog]
 11083 | Lair:2   | HP: 2/63 [poisoned by a spiny frog]
 11220 | Lair:2   | Noticed a six-headed hydra
 11337 | Lair:2   | Reached XP level 12. HP: 54/66 MP: 18/20
 11995 | Lair:3   | Found a staircase to the Swamp.
 12106 | Lair:3   | Slain by a komodo dragon

Vault maps used:
D:1:      shiori_arrival_maze
D:2:      cheibriados_altar_1, lemuel_round_altar, serial_forest,
          infiniplex_forest_clump_C, infiniplex_forest_clump_curved,
          infiniplex_forest_lined_2, infiniplex_forest_clump_large,
          infiniplex_forest_end_2, grunt_pakellas_salt, uniq_jessica
D:3:      first_bread
D:4:      minmay_temple_entry_glass, uniq_natasha
D:6:      zin_purify, serial_shops, nicolae_shop_temple_entry_statues_fountains,
          uniq_pikel
D:7:      nemelex_deck, gammafunk_temple_overflow_pools
D:8:      grunt_temple_overflow_open, grunt_ogre_cave
D:9:      erik_orc_4, dk_rats_in_the_wall, uniq_joseph
D:10:     dpeg_oklobed_lair, nicolae_two_hexagons
D:11:     uniq_grum
Temple:   circular_temple_12
Lair:1:   serial_bayou_pond_b, hibernation_bobbens, infiniplex_staircase_pool_2
Lair:2:   roderic_carrion_pond, grunt_megastairs_5, uniq_erica, uniq_sonja
Lair:3:   swamp_mist, special_room, nicolae_lair_grove_arrangements,
          grunt_megastairs_3

Skill      XL: |  1  2  3  4  5  6  7  8  9 10 11 12 |
---------------+-------------------------------------+-----
Unarmed Combat | 1 2 3 4 6 7 8 9 11 | 11.0
Stealth        | 3 7 10 | 10.6
Transmutations | 1 4 5 6 |  6.3
Spellcasting   | 3 5 |  5.7
Earth Magic    | 3 5 6 |  6.1
Dodging        | 6 8 9 |  9.4
Fighting       | |  1.0
Short Blades   | |  1.0
Evocations     | |  3.2

Action                   |  1- 3 |  4- 6 |  7- 9 | 10-12 || total
-------------------------+-------+-------+-------+-------++-------
Melee: Unarmed           |    61 |   106 |   238 |   529 ||   934
Throw: Javelin           |       |       |     9 |    13 ||    22
Invok: Call Merchant     |       |       |     1 |     1 ||     2
       Potion Petition   |       |       |       |     1 ||     1
Evoke: Wand              |       |     9 |    12 |    17 ||    38
  Use: Scroll            |       |     4 |     4 |     5 ||    13
       Potion            |       |       |     6 |    16 ||    22
 Stab: Sleeping          |     7 |     9 |    20 |    21 ||    57
       Distracted        |       |       |     1 |     3 ||     4
       Invisible         |       |       |       |     5 ||     5
  Eat: Chunk             |       |     4 |       |       ||     4
       Pizza             |       |       |     2 |       ||     2
       Beef jerky        |       |       |     1 |     2 ||     3
       Bread ration      |       |       |     1 |     6 ||     7
       Royal jelly       |       |       |     1 |     1 ||     2
